 Dungeon Crawl Stone Soup version 0.21-a0 (webtiles) character file.

199 Lexie the Sneak (level 5, -4/32 HPs)
             Began as an Octopode Fire Elementalist on May 20, 2017.
             Slain by a gnoll
             ... wielding a +0 spear
              (8 damage)
             ... on level 3 of the Dungeon.
             The game lasted 00:05:09 (3504 turns).

Lexie the Sneak (Octopode Fire Elementalist)        Turns: 3504, Time: 00:05:10

Health: -4/32      AC:  1    Str:  7    XL:     5   Next: 77%
Magic:  1/9        EV: 13    Int: 18    God:
Gold:   124        SH:  0    Dex: 13    Spells: 9/10 levels left

rFire    . . .     SeeInvis .   f - +4 dagger
rCold    . . .     Gourm    .   (no shield)
rNeg     . . .     Faith    .   (helmet restricted)
rPois    .         Spirit   .   (no amulet)
rElec    .         Reflect  .   (no ring)
rCorr    .         Harm     .   (no ring)
MR       .....                  (no ring)
Stlth    ++++......             (no ring)
Regen    0.1/turn               (no ring)
MPRegen  0.2/turn               (no ring)
                                (no ring)
                                (no ring)

@: lethally poisoned (-4 -> -6)
A: almost no armour, stealthy swim, amphibious, 8 rings, constrict 8, camouflage
1, gelatinous body 1
a: no special abilities


You were on level 3 of the Dungeon.
You were not hungry.

You visited 1 branch of the dungeon, and saw 3 of its levels.

You collected 124 gold pieces.

Inventory:

Hand Weapons
 f - a +4 dagger (weapon)
Scrolls
 c - 3 scrolls of identify {unknown}
 d - a scroll of teleportation {unknown}
 e - 3 scrolls of fog {unknown}
 g - a scroll of blinking {unknown}
 i - a scroll of recharging {unknown}
 j - 2 scrolls of remove curse {unknown}
Potions
 h - a potion of heal wounds {unknown}
 l - 2 potions of curing {unknown}
Books
 a - a book of Flames

   Spells                             Type                      Level
   a - Flame Tongue                   Conjuration/Fire             1
   b - Throw Flame                    Conjuration/Fire             2
   c - Conjure Flame                  Conjuration/Fire             3
   d - Inner Flame                    Hexes/Fire                   3
   e - Sticky Flame                   Conjuration/Fire             4
   f - Fireball                       Conjuration/Fire             5
Comestibles
 b - 4 bread rations
 k - a meat ration


   Skills:
 + Level 0.6 Fighting
 + Level 1.5 Short Blades
 + Level 2.2 Dodging
 + Level 4.2 Stealth
 + Level 3.2 Spellcasting
 + Level 1.8 Conjurations
 + Level 4.0 Fire Magic


You had 9 spell levels left.
You knew the following spells:

 Your Spells              Type           Power        Failure   Level  Hunger
a - Flame Tongue          Conj/Fire      ##...        4%          1    None


Dungeon Overview and Level Annotations

Branches:
Dungeon (3/15)

Altars:

Annotations:
D:2 1 runed door


Innate Abilities, Weirdness & Mutations

You cannot wear most types of armour.
You are very stealthy in the water. (Stealth+)
You are amphibious.
You can wear up to eight rings at the same time.
You can use your tentacles to constrict eight enemies at once.
Your skin changes colour to match your surroundings (Stealth+).
Your rubbery body absorbs attacks. (AC +1, EV +1)


Message History

The stone closely misses you.
Casting: Flame Tongue
Confirm with . or Enter, or press ? or * to list all spells.
Aiming: Flame Tongue
Press: ? - help, Shift-Dir - straight line, f/p - goblin
Aim: a goblin, wielding a hunting sling The flame tongue hits the goblin.
You kill the goblin!
Your life force feels restored.
The gnoll hits you from afar with a spear!
* * * LOW HITPOINT WARNING * * *
Casting: Flame Tongue
Confirm with . or Enter, or press ? or * to list all spells.
Aiming: Flame Tongue
Press: ? - help, Shift-Dir - straight line, f - gnoll
Aim: a gnoll, wielding a flail The flame tongue hits the gnoll.
The gnoll is severely wounded.
The gnoll hits you from afar with a spear!
You die...

o... ##...≈≈≈ .[..
....≈≈≈ .. #.#≈≈≈ #..
#...≈≈ # #..##..#. ..##
##### #....... ..[..
...# ####..).
...g.g#####.#####.....##
#)g@)...(..##.....#
#########.........#
####......## #.......#
####....# ####.. #.. ###


You could see 3 gnolls.

Vanquished Creatures
  Robin (D:2)
  7 adders
  2 oozes (D:1)
  An adder skeleton (D:2)
  2 worms (D:3)
  2 dart slugs (D:1)
  5 leopard geckos
  14 orcs (D:3)
  6 bats
  3 giant cockroaches (D:2)
  10 hobgoblins
  4 jackals (D:2)
  6 kobolds
  A ball python (D:2)
  3 frilled lizards (D:1)
  13 goblins
  5 rats
85 creatures vanquished.

Notes
Turn   | Place    | Note
-------+----------+-------------------------------------------
     0 | D:1      | Lexie the Octopode Fire Elementalist began the quest for the Orb.
     0 | D:1      | Reached XP level 1. HP: 11/11 MP: 3/3
   275 | D:1      | Reached XP level 2. HP: 17/17 MP: 1/5
   770 | D:1      | Reached XP level 3. HP: 12/21 MP: 2/6
  1529 | D:2      | Noticed Robin
  1793 | D:2      | Reached XP level 4. HP: 23/27 MP: 8/8
  2126 | D:2      | Killed Robin
  2126 | D:2      | Reached skill level 1 in Short Blades
  2322 | D:2      | Reached XP level 5. HP: 28/32 MP: 7/9
  2704 | D:2      | Found a runed door.
  3153 | D:3      | Found a glowing drain.
  3504 | D:3      | Slain by a gnoll

Vault maps used:
D:1:      elethiomel_arrival_maze, supply_closet_lemuel
D:2:      serial_glass, glass_columns_b, glass_columns_b,
          uniq_crazy_yiuf_cottage, uniq_robin
D:3:      cheibrodos_sewer_entry_drain, first_bread

Skill      XL: |  1  2  3  4  5 |
---------------+----------------+-----
Stealth        | 3 4 |  4.2
Short Blades   | 1 |  1.5
Spellcasting   | 3 |  3.2
Fire Magic     | 4 |  4.0
Fighting       | |  0.6
Dodging        | |  2.2
Conjurations   | |  1.8

Action                   |  1- 3 |  4- 6 || total
-------------------------+-------+-------++-------
Melee: Dagger            |    26 |    54 ||    80
       Tentacles         |     4 |    10 ||    14
       Constrict         |     4 |    14 ||    18
 Cast: Flame Tongue      |    49 |    44 ||    93
 Stab: Sleeping          |     2 |     2 ||     4
       Distracted        |       |     1 ||     1
  Eat: Chunk             |     3 |     5 ||     8
Armor: Skin              |     2 |     3 ||     5
Dodge: Dodged            |    24 |    67 ||    91
